 Dungeon Crawl Stone Soup version 0.19.1-1-g22dce08 (webtiles) character file.

72 ponk the Magician (level 4, 0/30 HPs)
             Began as a Demonspawn Fire Elementalist on Jan 11, 2017.
             Slain by a sky beast (3 damage)
             ... on level 2 of the Dungeon.
             The game lasted 00:12:13 (2844 turns).

ponk the Magician (Demonspawn Fire Elementalist)    Turns: 2844, Time: 00:12:14

Health: 0/30       AC:  3    Str:  8    XL:     4   Next: 6%
Magic:  6/8        EV: 12    Int: 17    God:
Gold:   149        SH:  0    Dex: 14    Spells: 3 memorised, 3 levels left

rFire  . . .     SeeInvis .     h - +0 short sword
rCold  . . .     Gourm    .     a - +0 robe
rNeg   . . .     Faith    .     (no shield)
rPois  .         Spirit   .     (helmet restricted)
rElec  .         Reflect  .     (no cloak)
rCorr  .         Harm     .     j - +0 pair of gloves (curse)
MR     .....                    (no boots)
Stlth  ++........               (no amulet)
                                (no ring)
                                (no ring)

@: no status effects
A: antennae 2
a: no special abilities


You were on level 2 of the Dungeon.
You were not hungry.

You visited 1 branch of the dungeon, and saw 2 of its levels.

You collected 149 gold pieces.

Inventory:

Hand Weapons
 h - a +0 short sword (weapon)
Missiles
 e - 8 tomahawks (quivered)
Armour
 a - a +0 robe (worn)
 j - a cursed +0 pair of gloves (worn)
Scrolls
 d - a scroll of teleportation {unknown}
Potions
 g - a potion of heal wounds
 k - a potion of curing
 o - a potion of brilliance {unknown}
Books
 b - a book of Flames

   Spells                             Type                      Level
   a - Flame Tongue                   Conjuration/Fire             1
   b - Throw Flame                    Conjuration/Fire             2
   c - Conjure Flame                  Conjuration/Fire             3
   d - Inner Flame                    Hexes/Fire                   3
   e - Sticky Flame                   Conjuration/Fire             4
   f - Fireball                       Conjuration/Fire             5
Comestibles
 c - 2 bread rations
 f - 3 chunks of flesh
 n - 4 fruits


   Skills:
 - Level 2.0 Dodging
 - Level 1.7 Stealth
 * Level 3.3 Spellcasting
 + Level 2.0 Conjurations
 - Level 3.0 Fire Magic


You had 3 spell levels left.
You knew the following spells:

 Your Spells              Type           Power        Failure   Level  Hunger
a - Flame Tongue          Conj/Fire      ##...        10%         1    None
b - Conjure Flame         Conj/Fire      ##......     21%         3    ###....
c - Throw Flame           Conj/Fire      ##....       12%         2    ##.....


Dungeon Overview and Level Annotations

Branches:
Dungeon (2/15)

Altars:
Dithmenos
Gozag
Yredelemnul


Innate Abilities, Weirdness & Mutations

You have a pair of antennae on your head.


Message History

You barely miss something. Something hits you. Something shocks you.
You miss something. Something hits you. Something shocks you.
You closely miss something.
A sky beast appears from thin air!
Reactivating autopickup.
The sky beast hits you but does no damage.
You hit the sky beast but do no damage.
The sky beast is lightly wounded.
The sky beast hits you.
* * * LOW HITPOINT WARNING * * *
The sky beast shocks you.
* * * LOW HITPOINT WARNING * * *
Casting: Conjure Flame
Confirm with . or Enter, or press ? or * to list all spells.
Aiming: Flame Tongue
Press: ? - help, Shift-Dir - straight line, f - sky beast
Aim: a sky beast (lightly wounded)
The flame tongue hits the sky beast.
The sky beast is heavily wounded.
The sky beast hits you.
You die...

###...#.####.###.# ##...##
#.(##.# #....<## ##.....# #
##....## #####..## ##.......
####(..###########...####........
'(<)....................'........
#########################........
# #............................
#..#...#...#...#...#.##.....#
#_..........@Y...(...###{..##
#..#...#...#...#...### ##{##
#...................# #.#
##################### #.# #.# ##
#########.## #.# .. .........÷##
######.# #. #.####.....) .......#
#..#.####≈...## ########
#..#........#.#


You could see a sky beast.

Vanquished Creatures
  An adder (D:2)
  3 oozes (D:2)
  A worm (D:2)
  2 dart slugs
  A giant cockroach (D:1)
  5 goblins
  9 hobgoblins
  A ball python (D:1)
  6 bats
  3 frilled lizards (D:1)
  5 kobolds
  6 rats
43 creatures vanquished.

Notes
Turn   | Place    | Note
-------+----------+-------------------------------------------
     0 | D:1      | ponk the Demonspawn Fire Elementalist began the quest for the Orb.
     0 | D:1      | Reached XP level 1. HP: 13/13 MP: 3/3
   431 | D:1      | Gained mutation: You have a pair of small antennae on your head. [demonic ancestry]
   431 | D:1      | Reached XP level 2. HP: 17/19 MP: 0/5
  1455 | D:2      | Gained mutation: You have a pair of antennae on your head. [demonic ancestry]
  1455 | D:2      | Reached XP level 3. HP: 18/24 MP: 0/7
  1884 | D:2      | Found an opulent altar of Gozag.
  2091 | D:2      | Found a basalt altar of Yredelemnul.
  2265 | D:2      | Learned a level 3 spell: Conjure Flame
  2268 | D:2      | Learned a level 2 spell: Throw Flame
  2413 | D:2      | Found a shadowy altar of Dithmenos.
  2420 | D:2      | Reached XP level 4. HP: 24/30 MP: 0/8
  2802 | D:2      | Noticed a sky beast
  2844 | D:2      | Slain by a sky beast

Skill      XL: |  1  2  3 |
---------------+----------+-----
Dodging        | 2 |  2.0
Fire Magic     | 3 |  3.0
Spellcasting   | 3 |  3.3
Conjurations   | 2 |  2.0
Stealth        | |  1.7

Action                   |  1- 3 |  4- 6 || total
-------------------------+-------+-------++-------
Melee: Unarmed           |    15 |       ||    15
       Short sword       |    18 |     6 ||    24
 Cast: Flame Tongue      |    61 |     3 ||    64
       Throw Flame       |     5 |     2 ||     7
       Conjure Flame     |       |     1 ||     1
  Use: Scroll            |     4 |       ||     4
  Eat: Chunk             |     5 |     2 ||     7
Armor: Robe              |     9 |     3 ||    12
Dodge: Dodged            |    23 |     1 ||    24
